 Dungeon Crawl Stone Soup version 0.28.0-1-gb440e238dd (webtiles) character file.

Game seed: 13328169066026776514

11985 boopmooplesden the Cleaver (level 11, -5/97 HPs)
             Began as a Minotaur Fighter on Feb 22, 2022.
             Was a High Priest of Okawaru.
             Slain by a boulder beetle (14 damage)
             ... on level 11 of the Dungeon.
             The game lasted 00:17:34 (10375 turns).

boopmooplesden the Cleaver (Minotaur Fighter)      Turns: 10375, Time: 00:17:34

Health: -5/97      AC: 18    Str: 23    XL:     11   Next: 56%
Magic:  11/11      EV: 12    Int:  5    God:    Okawaru [*****.]
Gold:   516        SH:  6    Dex: 12    Spells: 10/10 levels left

rFire   . . .      SeeInvis .   O - +8 long sword of Makk {elec, Will+}
rCold   . . .      Faith    .   c - +0 buckler
rNeg    . . .      Spirit   .   t - +5 scale mail
rPois   .          Reflect  .   (helmet restricted)
rElec   .          Harm     .   H - +0 cloak
rCorr   .          Rampage  .   N - +1 pair of gloves
Will    +....                   I - +0 pair of boots
Stlth   +.........              p - amulet of regeneration
HPRegen 1.06/turn               b - ring of flight
MPRegen 0.12/turn               (no ring)

@: flying
A: horns 2, retaliatory headbutt
a: Renounce Religion, Heroism, Finesse, Duel


You were on level 11 of the Dungeon.
You worshipped Okawaru.
Okawaru was extremely pleased with you.
You visited 2 branches of the dungeon, and saw 12 of its levels.
You also visited: Sewer and Ossuary.

You collected 516 gold pieces.

Inventory:

Hand Weapons
 a - a +0 war axe
 m - a +1 whip of draining
 J - a +0 hunting sling
 M - a +0 battleaxe of flaming
 O - the +8 long sword of Makk (weapon) {elec, Will+}
   (You found it on level 10 of the Dungeon)

   It occasionally discharges a powerful burst of electricity upon striking a
   foe.
   Will:      It increases your willpower.
 R - the +8 dagger of the Real Monster {vorpal, rF+ Str+4}
   (Okawaru gifted it to you on level 11 of the Dungeon)

   It inflicts extra damage upon your enemies.
   Str:       It affects your strength (+4).
   rF:        It protects you from fire.
Missiles
 i - 93 sling bullets
 k - 3 silver javelins (quivered)
 K - 8 javelins
Armour
 c - a +0 buckler (worn)
 t - a +5 scale mail (worn)
 u - a +0 pair of gloves
 B - the +4 ring mail of the Buccaneer {Regen+ MP+9 Str+5 Dex-4}
   (You found it on level 7 of the Dungeon)

   Str:       It affects your strength (+5).
   Dex:       It affects your dexterity (-4).
   MP:        It affects your magic capacity (+9).
   Regen:     It increases your rate of health regeneration.
 H - a +0 cloak (worn)
 I - a +0 pair of boots (worn)
 N - a +1 pair of gloves (worn)
Jewellery
 b - a ring of flight (left hand)
 g - an amulet of magic regeneration
 p - an amulet of regeneration (around neck)
Wands
 l - a wand of flame (9)
 r - a wand of mindburst (15)
 y - a wand of polymorph (11)
 E - a wand of charming (14)
 G - a wand of iceblast (19)
Scrolls
 e - 5 scrolls of teleportation
 q - a scroll of blinking
 s - 3 scrolls of identify
 z - 2 scrolls of immolation
 F - a scroll of fear
 L - 2 scrolls of enchant weapon {unknown}
 Q - 3 scrolls of torment {unknown}
 S - a scroll of enchant armour
Potions
 d - 8 potions of might
 f - 5 potions of haste
 h - a potion of resistance
 j - a potion of mutation {unknown}
 n - 2 potions of attraction {unknown}
 o - a potion of experience {unknown}
 v - 2 potions of lignification {unknown}
 w - a potion of magic {unknown}
 x - a potion of cancellation {unknown}
 A - a potion of heal wounds
 C - 5 potions of brilliance
 D - 7 potions of curing {unknown}
 P - 3 potions of berserk rage {unknown}


   Skills:
 + Level 9.6 Fighting
 + Level 3.4 Long Blades
 + Level 14.4 Axes
 + Level 1.1 Throwing
 + Level 9.8 Armour
 + Level 5.9 Dodging
 + Level 2.3 Stealth
 + Level 7.7 Shields
 + Level 0.1 Unarmed Combat
 + Level 2.0 Invocations


You had 10 spell levels left.
You didn't know any spells.
Your spell library contained the following spells:

 Spells                   Type           Power      Damage    Failure   Level
 Apportation              Tloc           0%         N/A       82%         1
 Corpse Rot               Necr/Air       0%         N/A       91%         2
 Ensorcelled Hibernation  Hex/Ice        0%         N/A       91%         2
 Static Discharge         Conj/Air       0%         N/A       91%         2
 Spider Form              Tmut/Pois      0%         N/A       99%         3
 Anguish                  Hex/Necr       0%         N/A       100%        4
 Dispel Undead            Necr           0%         3d6       100%        4
 Sticky Flame             Conj/Fire      0%         2d3       100%        4
 Animate Skeleton         Necr           Unusable   N/A       N/A         1
 Summon Small Mammal      Summ           Unusable   N/A       N/A         1
 Death Channel            Necr           Unusable   N/A       N/A         6

Dungeon Overview and Level Annotations

Branches:
Dungeon (11/15)            Temple (1/1) D:6            Lair (0/6) D:8
    Orc (0/2) D:9           Sewer (visited)         Ossuary (visited)

Altars:
Ashenzari
Cheibriados
Dithmenos
Elyvilon
Fedhas
Gozag
Kikubaaqudgha
Nemelex Xobeh
Okawaru
Qazlal
Ru
Sif Muna
Trog
Vehumet
Wu Jian
Xom
Yredelemnul
Zin
The Shining One
Beogh

Shops:
D:3 !


Innate Abilities, Weirdness & Mutations

You have a pair of horns on your head.
You reflexively headbutt those who attack you in melee.


Message History

You block the boulder beetle's attack.
The boulder beetle leaps!
The boulder beetle leaps!
The boulder beetle curls into a ball and begins rolling!
You hit the boulder beetle but do no damage.
You headbutt the boulder beetle!
The boulder beetle is moderately wounded.
The boulder beetle hits you!!
The boulder beetle stops rolling and uncurls.
You hit the boulder beetle.
Lightning courses through the boulder beetle!!
The boulder beetle is heavily wounded.
You block the boulder beetle's attack. The boulder beetle bites you!
You hit the boulder beetle but do no damage.
Lightning courses through the boulder beetle!
The boulder beetle is severely wounded.
The boulder beetle completely misses you.
You furiously retaliate!
You headbutt the boulder beetle, but do no damage.
You hit the boulder beetle but do no damage.
Lightning courses through the boulder beetle!
The boulder beetle is almost dead.
The boulder beetle bites you!
You hit the boulder beetle.
You headbutt the boulder beetle, but do no damage.
The boulder beetle is almost dead.
The boulder beetle bites you!
The boulder beetle leaps!
The boulder beetle bites you!
* * * LOW HITPOINT WARNING * * *
You hit the boulder beetle but do no damage.
The boulder beetle is almost dead.
You block the boulder beetle's attack.
You completely miss the boulder beetle.
Your headbutt misses the boulder beetle.
The boulder beetle is almost dead.
The boulder beetle bites you!!
* * * LOW HITPOINT WARNING * * *
You hit the boulder beetle.
The boulder beetle is almost dead.
The boulder beetle bites you!
You die...

.#........#.# .#
.+........#.#######.#
.#........#.........#
.#........#.........#
.#.....^..#.........#
.#........'.........#
.#........#.........#
.##########......#..#
................@...#
................B...#
....<...............#
....................#
....................#
....................#
....................#
#####################


You could see a boulder beetle.

Vanquished Creatures
  Erolcha (D:10)
  2 two-headed ogres
  A cyclops (D:11)
  Joseph (D:8)
  2 trolls
  Grinder (D:3)
  2 hornets
  A tarantella (shapeshifter) (D:11)
  Sigmund (D:7)
  A shadow (D:11)
  11 yaks
  2 wyverns
  2 steam dragons
  2 water moccasins (D:7)
  8 orc warriors
  2 ice beasts (D:7)
  A black bear (D:6)
  2 necrophages (D:5)
  4 ogres
  3 wolves (D:8)
  7 centaurs
  A phantom (D:6)
  5 kobold brigands
  2 bullfrogs
  3 gnoll sergeants
  3 elf zombies (Ossuary)
  A wyvern zombie (D:8)
  A scorpion (D:6)
  A water moccasin skeleton (D:5)
  A wyvern skeleton (D:6)
  2 electric eels (D:8)
  5 wights (D:7)
  4 howler monkeys
  3 centaur zombies
  6 jellies
  7 orc priests
  5 hounds
  A bullfrog skeleton (D:6)
  A centaur skeleton (D:7)
  3 iguanas
  5 orc wizards
  2 hound skeletons
  3 mummies
  A howler monkey zombie (D:10)
  Robin (D:2)
  12 gnolls
  5 adders
  A howler monkey skeleton (D:7)
  2 river rats (Sewer)
  2 ufetubi
  An adder zombie (Ossuary)
  An adder skeleton (D:4)
  4 worms
  A dart slug (D:5)
  37 orcs
  10 ball pythons
  15 endoplasms
  10 giant cockroaches
  19 goblins
  13 hobgoblins
  3 jackals (D:2)
  8 quokkas
  4 bats
  5 frilled lizards
  2 goblin zombies
  8 hobgoblin zombies
  30 kobolds
  13 kobold zombies (Ossuary)
  8 orc zombies (Ossuary)
  9 rats
  3 rat zombies (Ossuary)
350 creatures vanquished.

Vanquished Creatures (others)
  2 plants (D:2)
2 creatures vanquished.

Grand Total: 352 creatures vanquished

Notes
Turn   | Place    | Note
-------+----------+-------------------------------------------
     0 | D:1      | boopmooplesden the Minotaur Fighter began the quest for the
                  | Orb.
     0 | D:1      | Reached XP level 1. HP: 19/19 MP: 0/0
   353 | D:1      | Reached XP level 2. HP: 27/27 MP: 1/1
   986 | D:2      | Reached XP level 3. HP: 33/33 MP: 2/2
  1024 | D:2      | Reached skill level 3 in Axes
  1190 | D:2      | Noticed Robin
  1224 | D:2      | Killed Robin
  1225 | D:2      | Reached XP level 4. HP: 14/40 MP: 3/3
  1233 | D:2      | Reached skill level 4 in Axes
  1762 | D:3      | Noticed Grinder
  1776 | D:3      | Killed Grinder
  1777 | D:3      | Reached skill level 5 in Axes
  1777 | D:3      | Reached skill level 1 in Dodging
  1777 | D:3      | Reached XP level 5. HP: 26/47 MP: 4/4
  1777 | D:3      | Reached XP level 6. HP: 30/53 MP: 5/5
  2016 | D:3      | Found Liuc Onli's Distillery.
  2028 | D:3      | Reached skill level 5 in Armour
  2095 | D:3      | Found a snail-covered altar of Cheibriados.
  2102 | D:3      | Found a stormy altar of Qazlal.
  2106 | D:3      | Found a shimmering blue altar of Sif Muna.
  2139 | D:3      | Found a glowing golden altar of the Shining One.
  2794 | D:4      | Reached skill level 6 in Axes
  3203 | D:4      | Reached skill level 5 in Fighting
  3203 | D:4      | Reached XP level 7. HP: 23/61 MP: 6/6
  3488 | D:4      | Reached skill level 1 in Stealth
  3807 | D:5      | Entered Level 5 of the Dungeon
  3911 | D:5      | Found a glowing drain.
  3932 | Sewer    | Entered a sewer
  4088 | Sewer    | Reached skill level 7 in Axes
  4156 | Sewer    | Found a viscous altar of Jiyva.
  4164 | Sewer    | HP: 1/61 [acid (8)]
  4185 | Sewer    | HP: 3/61 [rat (2)]
  4185 | Sewer    | HP: 1/61 [giant cockroach (2)]
  4723 | D:5      | Reached XP level 8. HP: 68/69 MP: 7/7
  4785 | D:5      | Reached skill level 5 in Shields
  4819 | D:5      | Reached skill level 8 in Axes
  5775 | D:6      | Found a staircase to the Ecumenical Temple.
  5842 | Temple   | Entered the Ecumenical Temple
  5848 | Temple   | Became a worshipper of Warmaster Okawaru
  5886 | D:6      | Reached skill level 9 in Axes
  6400 | D:6      | Found a broken altar of Ashenzari.
  6530 | D:7      | Noticed Sigmund
  6536 | D:7      | Killed Sigmund
  6536 | D:7      | Reached * piety under Okawaru
  6537 | D:7      | Reached XP level 9. HP: 75/75 MP: 8/8
  6667 | D:7      | Reached skill level 10 in Axes
  6676 | D:7      | Found an ancient bone altar of Kikubaaqudgha.
  6874 | D:7      | Found a sand-covered staircase.
  6885 | Ossuary  | Entered an ossuary
  7159 | D:7      | Reached ** piety under Okawaru
  7175 | D:7      | Identified the +4 ring mail of the Buccaneer {Regen+ MP+9
                  | Str+5 Dex-4}
  7209 | D:7      | Reached skill level 11 in Axes
  7767 | D:8      | Found a staircase to the Lair.
  7767 | D:8      | Noticed a troll
  7912 | D:8      | Reached skill level 5 in Dodging
  7916 | D:8      | Reached XP level 10. HP: 67/86 MP: 6/9
  7928 | D:8      | Reached *** piety under Okawaru
  7958 | D:8      | Reached skill level 12 in Axes
  8244 | D:8      | Noticed Joseph
  8261 | D:8      | Killed Joseph
  8492 | D:9      | Noticed a two-headed ogre
  8500 | D:9      | Killed a two-headed ogre
  8500 | D:9      | Reached **** piety under Okawaru
  8500 | D:9      | Received a gift from Okawaru
  8570 | D:9      | Reached skill level 1 in Invocations
  8576 | D:9      | Reached skill level 13 in Axes
  8576 | D:9      | Reached skill level 1 in Throwing
  8836 | D:9      | Found a staircase to the Orcish Mines.
  8914 | D:9      | Reached XP level 11. HP: 86/95 MP: 8/11
  9131 | D:10     | Entered Level 10 of the Dungeon
  9226 | D:10     | Noticed Erolcha
  9239 | D:10     | Reached skill level 14 in Axes
  9244 | D:10     | Killed Erolcha
  9244 | D:10     | Reached ***** piety under Okawaru
  9342 | D:10     | Identified the +8 long sword of Makk {elec, Will+}
  9367 | D:10     | Noticed a deep elf archer
 10069 | D:11     | Identified the +8 dagger of the Real Monster {vorpal, rF+
                  | Str+4} (Okawaru gifted it to you on level 11 of the
                  | Dungeon)
 10069 | D:11     | Received a gift from Okawaru
 10070 | D:11     | Reached skill level 1 in Long Blades
 10150 | D:11     | Noticed a two-headed ogre
 10158 | D:11     | Killed a two-headed ogre
 10348 | D:11     | Noticed a boulder beetle
 10375 | D:11     | Slain by a boulder beetle

Illustrated notes

Levels and vault maps discovered:
D:1:      matt_arrival_los_fun, layout_loops_ring
D:2:      layout_basic, serial_bayou_lagoon_b, uniq_robin
D:3:      layout_loops_cross, nicolae_tso_carved_into_rock,
          grunt_temple_overflow_diamond, serial_shops,
          nicolae_shop_advertising_works [nicolae_subvault_shop_adworks],
          dk_noncrumbling_2, uniq_grinder
D:4:      layout_gridville
D:5:      layout_basic, gup_sewer_entry_pipe, columned_hall_lemuel,
          hangedman_decor_clover_reticule
D:6:      layout_layer_cave, kennysheep_mini, minmay_temple_entry_tees
D:7:      layout_gridville, mainiacjoe_overflow_cross_hatched,
          nicolae_ossuary_entry_giza, minivault_5, sigmund_army
D:8:      layout_rooms, erik_lair_island, uniq_joseph
D:9:      layout_rooms, david_orc_5
D:10:     layout_cave_pods, serial_column_ruins, column_ruins_hut_ruined,
          column_ruins_circle_small, column_ruins_open_small,
          column_ruins_columns_straight, column_ruins_columns_straight,
          column_ruins_corridor_straight, column_ruins_columns_straight,
          wad_dig_loot, uniq_erolcha
D:11:     layout_stronghold
Temple:   nicolae_temple_x_marks_the_god

Skill      XL: |  1  2  3  4  5  6  7  8  9 10 11 |
---------------+----------------------------------+-----
Fighting       | 4 5 6 7 8 9 |  9.6
Shields        | 4 5 6 7 |  7.7
Armour         | 4 5 6 8 9 |  9.8
Axes           | 3 5 6 7 9 11 13 14 | 14.4
Dodging        | 1 2 3 5 |  5.9
Stealth        | 1 2 |  2.3
Invocations    | 1 2 |  2.0
Throwing       | 1 |  1.1
Long Blades    | 3 |  3.4
Unarmed Combat | |  0.1

Action                   |  1- 3 |  4- 6 |  7- 9 | 10-12 || total
-------------------------+-------+-------+-------+-------++-------
Melee: War axe           |    82 |    88 |   371 |   250 ||   791
       Headbutt          |     8 |    11 |    83 |    66 ||   168
       Unarmed           |       |       |     9 |       ||     9
       Long sword        |       |       |       |    73 ||    73
Throw: Javelin           |       |     4 |     4 |     2 ||    10
Invok: Heroism           |       |       |     4 |     9 ||    13
Evoke: Wand              |       |       |     1 |       ||     1
  Use: Scroll            |     1 |       |    10 |       ||    11
       Potion            |     2 |       |     2 |       ||     4
Armor: Scale mail        |    34 |    36 |   164 |   163 ||   397
       Skin              |       |       |     2 |       ||     2
Dodge: Dodged            |    37 |    44 |   211 |   199 ||   491
Block: Buckler           |    18 |    25 |    92 |   119 ||   254
